 Dungeon Crawl Stone Soup version 0.26-a0-771-g060e6a62af (webtiles) character file.

Game seed: 6742883124645930229

3081 mhtbhm the Cleaver (level 9, 0/81 HPs)
             Began as a Minotaur Berserker on Nov 8, 2020.
             Was an Elder of Trog.
             Hit by a stone thrown by an orc warrior (1 damage)
             ... on level 8 of the Dungeon.
             The game lasted 00:10:42 (7025 turns).

mhtbhm the Cleaver (Minotaur Berserker)             Turns: 7025, Time: 00:10:43

Health: 0/81       AC: 15    Str: 24    XL:     9   Next: 58%
Magic:  8/8        EV: 10    Int:  4    God:    Trog [****..]
Gold:   296        SH:  0    Dex: 11    Spells: 8/8 levels left

rFire    + . .     SeeInvis .   a - +0 war axe (vorpal)
rCold    + . .     Faith    .   (no shield)
rNeg     + . .     Spirit   .   b - +3 chain mail {rF+}
rPois    .         Reflect  .   (helmet restricted)
rElec    .         Harm     .   c - +0 cloak
rCorr    .         Rampage  .   (no gloves)
MR       .....                  (no boots)
Stlth    ..........             (no amulet)
HPRegen  0.23/turn              f - ring of positive energy
MPRegen  0.11/turn              y - ring of protection from cold

@: about to teleport, berserk cooldown, flying
A: retaliatory headbutt, horns 2
a: Berserk, Trog's Hand, Brothers in Arms, Renounce Religion


You were on level 8 of the Dungeon.
You worshipped Trog.
Trog was greatly pleased with you.
You visited 1 branch of the dungeon, and saw 8 of its levels.

You collected 296 gold pieces.

Inventory:

Hand Weapons
 a - a +0 vorpal war axe (weapon)
Armour
 b - a +3 chain mail of fire resistance (worn)
 c - a +0 cloak (worn)
Jewellery
 f - a ring of positive energy (left hand)
 x - an uncursed ring of resist corrosion
 y - a ring of protection from cold (right hand)
Wands
 m - a wand of digging (5)
 z - a wand of flame (32)
 A - a wand of disintegration (14)
 D - a wand of random effects (20)
Scrolls
 d - a scroll of enchant armour
 e - 3 scrolls of remove curse
 j - 2 scrolls of immolation
 l - 4 scrolls of enchant weapon {unknown}
 n - 4 scrolls of teleportation
 o - 3 scrolls of fog {unknown}
 q - 3 scrolls of amnesia {unknown}
 C - a scroll of magic mapping {unknown}
Potions
 g - 2 potions of haste
 h - a potion of lignification {unknown}
 i - a potion of degeneration {unknown}
 k - 2 potions of might {unknown}
 p - 2 potions of resistance {unknown}
 r - 2 potions of cancellation {unknown}
 s - 2 potions of flight
 t - 4 potions of heal wounds {unknown}
 u - a potion of ambrosia {unknown}
 v - 2 potions of mutation {unknown}
 w - a potion of attraction {unknown}
 B - 2 potions of curing {unknown}


   Skills:
 + Level 8.1 Fighting
 + Level 11.2 Axes
 + Level 7.7 Armour
 + Level 5.3 Dodging
 + Level 1.4 Stealth


You had 8 spell levels left.
You didn't know any spells.
Your spell library was empty.

Dungeon Overview and Level Annotations

Branches:
Dungeon (7/15)             Temple (0/1) D:5

Altars:
Ashenzari
Okawaru

Annotations:
D:8 1 runed translucent door


Innate Abilities, Weirdness & Mutations

You reflexively headbutt those who attack you in melee.
You have a pair of horns on your head.


Message History

An orc warrior is nearby!
Unknown command.
As you read the scroll labeled OPPUCS FEMONE, it crumbles to dust.
You feel strangely unstable.
It was a scroll of teleportation.
You feel yourself speed up.
The orc warrior throws a stone.
The stone hits you!
* * * LOW HITPOINT WARNING * * *
The orc warrior throws a stone.
The stone hits you but does no damage.
Okay, then.
Unknown command.
Okay, then.
Evoke which item? (* to show all) (? for menu, Esc to quit)
Okay, then.
It was a potion of flight.
You feel very buoyant.
You fly up into the air.
The orc warrior throws a stone.
The stone hits you.
* * * LOW HITPOINT WARNING * * *
Unknown command.
The orc warrior throws a stone.
The stone hits you.
You die...

#......##. ##..# #.#
#......#.# #..# #.#
#.....##. ##.## #.#
#.....#.# #..# #.#
#....## ##.## #.# ###..#
#..###.# ###...##
##...#.# ###...########
###...##
###...###..#)@(# ###...
###...###(##..(:.# ###.
##...###....#.....# ##
...###...(..#..###...#
Yc###
.##...†.##...[#...o#....
OK+..
...###†.....#.####...###
KO### ##. ###....#.# #.#
## ## ###.##.# .# ###.
###..# ###...


You could see an orc warrior.

Vanquished Creatures
  A water nymph (shapeshifter) (D:8)
  A slime creature (D:8)
  Sigmund (D:4)
  Eustachio (D:6)
  Menkaure (D:5)
  Duvessa (D:7)
  An orc warrior (D:6)
  2 sky beasts
  3 ogres
  2 centaurs
  4 bullfrogs
  Dowan (D:7)
  A scorpion (D:7)
  A howler monkey (D:5)
  A bullfrog zombie (D:6)
  A jelly (D:6)
  2 orc priests
  3 hounds
  A bullfrog skeleton (D:7)
  A centaur skeleton (D:6)
  Jessica (D:2)
  Ijyb (D:4)
  Natasha (thrice) (D:3)
  6 orc wizards
  2 worker ants
  A hound skeleton (D:7)
  8 gnolls
  7 adders
  2 shadow imps (D:5)
  A white imp (D:5)
  An ufetubus (D:5)
  An ooze (D:2)
  An adder zombie (D:5)
  An adder skeleton (D:4)
  4 worms
  6 leopard geckos
  17 orcs
  3 ball pythons
  4 giant cockroaches
  13 goblins
  7 hobgoblins
  10 jackals
  4 quokkas
  11 bats
  8 frilled lizards
  A jackal skeleton (D:4)
  2 jackal zombies
  8 kobolds
  2 quokka skeletons
  A quokka zombie (D:5)
  5 rats
172 creatures vanquished.

Vanquished Creatures (others)
  3 plants (D:4)
3 creatures vanquished.

Grand Total: 175 creatures vanquished

Notes
Turn   | Place    | Note
-------+----------+-------------------------------------------
     0 | D:1      | mhtbhm the Minotaur Berserker began the quest for the Orb.
     0 | D:1      | Reached XP level 1. HP: 19/19 MP: 0/0
   131 | D:1      | Reached XP level 2. HP: 27/27 MP: 1/1
   136 | D:1      | Reached skill level 4 in Axes
   728 | D:2      | Reached XP level 3. HP: 25/33 MP: 2/2
   796 | D:2      | Noticed Jessica
   808 | D:2      | Killed Jessica
   858 | D:2      | Upgraded the game from 0.26-a0-757-g626ac9e51a to
                  | 0.26-a0-771-g060e6a62af
   885 | D:2      | Reached ** piety under Trog
   920 | D:2      | Reached XP level 4. HP: 41/41 MP: 3/3
  1475 | D:2      | Reached skill level 5 in Axes
  1841 | D:3      | Reached XP level 5. HP: 47/47 MP: 4/4
  2047 | D:3      | Noticed Natasha
  2063 | D:3      | Killed Natasha
  2063 | D:3      | Reached skill level 6 in Axes
  2220 | D:3      | Noticed an ogre
  2227 | D:3      | Killed an ogre
  2227 | D:3      | Reached skill level 5 in Fighting
  2227 | D:3      | Reached XP level 6. HP: 9/56 MP: 5/5
  2563 | D:3      | Noticed Natasha
  2568 | D:3      | Killed Natasha
  2647 | D:3      | Noticed Natasha
  2651 | D:3      | Killed Natasha
  2916 | D:3      | Reached *** piety under Trog
  2923 | D:3      | You fall into a shaft and drop 2 floors!
  2923 | D:5      | Entered Level 5 of the Dungeon
  2923 | D:5      | Noticed Menkaure
  2933 | D:5      | Killed Menkaure
  2933 | D:5      | Reached skill level 7 in Axes
  2933 | D:5      | Reached XP level 7. HP: 61/61 MP: 6/6
  3190 | D:5      | Found a staircase to the Ecumenical Temple.
  3203 | D:5      | Reached skill level 8 in Axes
  3203 | D:5      | Reached skill level 5 in Armour
  3349 | D:5      | Found the +8 autumn katana {vorpal, Clar}
  3860 | D:4      | Noticed Sigmund
  3867 | D:4      | Killed Sigmund
  3867 | D:4      | Reached XP level 8. HP: 70/70 MP: 7/7
  4182 | D:4      | Noticed Ijyb
  4190 | D:4      | Killed Ijyb
  4284 | D:4      | Reached skill level 1 in Stealth
  4340 | D:4      | Found an iron altar of Okawaru.
  5308 | D:6      | Reached skill level 9 in Axes
  5752 | D:6      | Found a broken altar of Ashenzari.
  5757 | D:6      | Reached **** piety under Trog
  6066 | D:6      | Noticed Eustachio
  6087 | D:6      | Killed Eustachio
  6087 | D:6      | Reached skill level 10 in Axes
  6087 | D:6      | Reached XP level 9. HP: 63/79 MP: 8/8
  6798 | D:7      | Noticed Duvessa
  6798 | D:7      | Noticed Dowan
  6807 | D:7      | Killed Duvessa
  6809 | D:7      | Killed Dowan
  6809 | D:7      | Reached skill level 5 in Dodging
  6859 | D:7      | You fall into a shaft and drop 1 floor!
  6893 | D:8      | Found a runed translucent door.
  6893 | D:8      | Noticed a kobold demonologist
  6894 | D:8      | Noticed a two-headed ogre
  6985 | D:8      | Noticed a water nymph
  6996 | D:8      | HP: 5/121 [drowned by a water nymph (shapeshifter) (11)]
  7000 | D:8      | Killed a water nymph
  7000 | D:8      | Reached skill level 11 in Axes
  7023 | D:8      | HP: 2/81 [orc warrior/stone (9)]
  7025 | D:8      | Hit by a stone thrown by an orc warrior

Illustrated notes

Levels and vault maps discovered:
D:1:      lemuel_arrival_hallway, layout_basic
D:2:      layout_basic, grunt_decor_mini_mirrors, chequers_serial_rivers_room_a,
          uniq_jessica
D:3:      layout_loops_cross, uniq_natasha
D:4:      layout_loops_corners, lemuel_doored_altar, minmay_misc_feat_plants,
          uniq_sigmund, uniq_ijyb
D:5:      layout_cave_pools, minmay_temple_entry_junction_2,
          kennysheep_generic_room_14, uniq_menkaure
D:6:      layout_basic, cheibrodos_ashenzari_chains, uniq_eustachio
D:7:      lemuel_upstairs_altar, layout_loops_ring,
          gammafunk_ghost_nasty_kobolds, water_maze_lemuel, uniq_duvessa
D:8:      minmay_the_grid_four_pointed_star
          [minmay_the_grid_triangle_9x9_longest,
          minmay_the_grid_triangle_9x9_fully_insulated_deathbox,
          minmay_the_grid_triangle_9x9_impossible_snake,
          minmay_the_grid_triangle_9x9_dagger,
          minmay_the_grid_prize_four_corners], layout_basic, minivault_14

Skill      XL: |  1  2  3  4  5  6  7  8  9 |
---------------+----------------------------+-----
Axes           | 4 5 6 7 8 10 11 | 11.2
Fighting       | 4 5 6 7 8 |  8.1
Armour         | 3 4 5 6 7 |  7.7
Dodging        | 3 4 5 |  5.3
Stealth        | 1 |  1.4

Action                   |  1- 3 |  4- 6 |  7- 9 || total
-------------------------+-------+-------+-------++-------
Melee: Hand axe          |    58 |   135 |    48 ||   241
       Headbutt          |     2 |    17 |    44 ||    63
       War axe           |       |       |   162 ||   162
Invok: Berserk           |       |     5 |     6 ||    11
  Use: Scroll            |       |     1 |     5 ||     6
       Potion            |       |       |     1 ||     1
Armor: Animal skin       |     3 |       |       ||     3
       Scale mail        |    25 |    42 |    70 ||   137
       Chain mail        |       |       |    20 ||    20
Dodge: Dodged            |    57 |    76 |   132 ||   265

Table legend: (Time is in decaauts)
 A = Elapsed time spent in this place.
 B = Non-inter-level travel time spent in this place.
 C = Inter-level travel time spent in this place.
 D = Time resting spent in this place.
 E = Time spent auto-exploring this place.
 F = Levels seen in this place.
 G = Mean time per level.
                   A        B        C        D        E       F      G
               +--------+--------+--------+--------+--------+-----+--------+
         Total |   7117 |   7117 |      0 |   1415 |   4234 |   8 |  889.6 |
       Dungeon |   7117 |   7117 |      0 |   1415 |   4234 |   8 |  889.6 |
               +--------+--------+--------+--------+--------+-----+--------+

Top non-repeatable levels by time:
     D:6: 1340 daAuts
     D:3: 1328 daAuts
     D:2: 1107 daAuts
     D:4: 982 daAuts
     D:5: 940 daAuts
     D:1: 726 daAuts
     D:7: 517 daAuts
     D:8: 172 daAuts
